 Dungeon Crawl Stone Soup version 0.31.0-11-ge490571c62 (webtiles) character file.

Game seed: 8629746677444495791

21 qw the Shooter (level 2, -3/14 HPs)
             Began as a Spriggan Hunter on Feb 5, 2024.
             Frozen to death by an endoplasm (5 damage)
             ... on level 1 of the Dungeon.
             The game lasted 00:00:01 (448 turns).

qw the Shooter (Spriggan Hunter)                     Turns: 448, Time: 00:00:01

Health: -3/14      AC:  2    Str:  7    XL:     2   Next: 62%
Magic:  3/3        EV: 16    Int: 10    God:
Gold:   13         SH:  0    Dex: 18    Spells: 1/1 levels left

rFire   . . .        a - +0 shortbow
rCold   . . .        (shield currently unavailable)
rNeg    . . .        c - +0 robe
rPois   .            (helmet restricted)
rElec   .            (no cloak)
rCorr   .            (gloves unavailable)
SInv    +            (boots unavailable)
Will    .....        (no amulet)
Stlth   ++           (no ring)
HPRegen 0.22/turn    (no ring)
MPRegen 0.08/turn

%: no passive effects
@: constricted, very quick
A: very small, no large weapons, unfitting armour, see invisible, speed 3
a: no special abilities


You were on level 1 of the Dungeon.
You visited 1 branch of the dungeon, and saw 1 of its levels.

You collected 13 gold pieces.


Innate Abilities, Weirdness & Mutations

You are very small and have problems with some larger weapons.
You are too small for most types of armour.
You have supernaturally acute eyesight. (SInv)
You cover ground extremely quickly. (Speed+++)


   Skills:
 - Level 1.5 Fighting
 + Level 4.2 Ranged Weapons
 - Level 4.0 Dodging
 - Level 1.5 Stealth


You had one spell level left.
You didn't know any spells.
Your spell library was empty.

Inventory:

Hand Weapons
 a - a +0 shortbow (weapon)
Armour
 c - a +0 robe (worn)
Scrolls
 b - a scroll of butterflies
 d - a scroll of silence {unknown}
 e - a scroll of fear {unknown}
 g - a scroll of identify {unknown}
Potions
 f - a potion of might {unknown}
 h - a potion of invisibility {unknown}

Dungeon Overview and Level Annotations

Branches:
Dungeon (1/15)

Altars:


Message History

The arrow barely misses the ball python.
An endoplasm comes into view.
A kobold comes into view. It is wielding a +0 whip.
You shoot an arrow.
The arrow completely misses the endoplasm.
The endoplasm quivers.
The endoplasm completely misses you.
You shoot an arrow. The arrow hits the endoplasm.
The endoplasm is moderately wounded.
The endoplasm closely misses you. The ball python completely misses you.
The ball python closely misses you.
You shoot an arrow. The arrow hits the endoplasm.
The endoplasm is severely wounded.
The endoplasm freezes you.
You are frozen.
The ball python completely misses you. The ball python grabs you.
The ball python constricts you.
You shoot an arrow.
The arrow barely misses the ball python.
The arrow hits the kobold.
The kobold is severely wounded.
The endoplasm hits you but does no damage.
The ball python bites you. The ball python constricts you.
You shoot an arrow.
The arrow hits the ball python but does no damage.
The ball python completely misses you. The ball python constricts you.
The kobold misses you. The endoplasm freezes you.
You are frozen.
The ball python completely misses you. The ball python constricts you.
The endoplasm barely misses you. The kobold hits you with a +0 whip.
You shoot an arrow.
The arrow barely misses the ball python.
The ball python completely misses you. The ball python constricts you.
The endoplasm closely misses you. The kobold closely misses you.
You shoot an arrow.
The arrow barely misses the ball python.
The ball python completely misses you. The ball python constricts you.
The endoplasm freezes you.
You are frozen.
You die...

#.#.##
####...........####
#....##################
###..%........ ..
###..#.....) ..
#.......## .#
##.......# ##.#
######.#####.###..##
#......## #...KSJ.#
#.####..########@#
##.......##.#
#######....# ######


You could see an endoplasm, a ball python and a kobold.

Vanquished Creatures
  A bat (D:1)
  2 endoplasms (D:1)
  3 goblins (D:1)
  4 hobgoblins (D:1)
  A kobold (D:1)
  2 quokkas (D:1)
  A frilled lizard (D:1)
  3 rats (D:1)
17 creatures vanquished.

Notes
Turn   | Place    | Note
-------+----------+-------------------------------------------
     0 | D:1      | qw the Spriggan Hunter began the quest for the Orb.
     0 | D:1      | Reached XP level 1. HP: 10/10 MP: 2/2
     0 | D:1      | 0 ||| qw: Version: 0.3-a-160-g6735b56
     0 | D:1      | 0 ||| qw: Game counter: 6122
     0 | D:1      | 0 ||| qw: Melee chars always use a shield: true
     0 | D:1      | 0 ||| qw: God list: Okawaru
     0 | D:1      | 0 ||| qw: Allow faded altars: false
     0 | D:1      | 0 ||| qw: Do Orc after clearing Dungeon:15 true
     0 | D:1      | 0 ||| qw: Do second Lair branch before Depths: true
     0 | D:1      | 0 ||| qw: Lair rune preference: random
     0 | D:1      | 0 ||| qw: Goals: Normal
     0 | D:1      | 0 ||| PLANNING D:1-11
    10 | D:1      | Reached skill level 3 in Dodging
    68 | D:1      | Reached XP level 2. HP: 14/14 MP: 3/3
   446 | D:1      | HP: 3/14 [frozen (5)]
   446 | D:1      | HP: 1/14 [kobold/+0 whip (1)]
   448 | D:1      | Frozen to death by an endoplasm

Levels and vault maps discovered:
D:1:      dpeg_arrival_morbid_curiosity, layout_rooms

Skill      XL: |  1  2 |
---------------+-------+-----
Dodging        | 3 4 |  4.0
Fighting       | |  1.5
Ranged Weapons | |  4.2
Stealth        | |  1.5

Action                     || total
---------------------------++-------
   Fire: Shortbow          ||    45
 Armour: Robe              ||     5
  Dodge: Dodged            ||    18

Table legend:
 A = Non-vault XP
 B = Vault XP
 C = Vault XP percentage of total XP
 D = Non-vault monster count
 E = Vault monster count
 F = Vault count percentage of total count
                 A         B        C        D         E       F
            +---------+---------+-------+---------+---------+-------
      Total |      20 |      10 |  33.3 |      12 |       5 |  29.4
            +---------+---------+-------+---------+---------+-------
        D:1 |      20 |      10 |  33.3 |      12 |       5 |  29.4
            +---------+---------+-------+---------+---------+-------
